 Dungeon Crawl Stone Soup version 0.22-a0-866-geee5034 (webtiles) character file.

63 Leszczynek the Sneak (level 3, -3/22 HPs)
             Began as a Deep Elf Monk on July 28, 2018.
             Slain by an orc
             ... wielding a +0 short sword
              (5 damage)
             ... on level 3 of the Dungeon.
             The game lasted 00:05:49 (786 turns).

Leszczynek the Sneak (Deep Elf Monk)                 Turns: 786, Time: 00:05:50

Health: -3/22      AC:  3    Str:  8    XL:     3   Next: 89%
Magic:  9/9        EV: 14    Int: 15    God:
Gold:   76         SH:  0    Dex: 17    Spells: 8/8 levels left

rFire    . . .     SeeInvis .   a - +0 rapier
rCold    . . .     Gourm    .   (no shield)
rNeg     . . .     Faith    .   b - +0 robe
rPois    .         Spirit   .   (no helmet)
rElec    .         Reflect  .   e - +0 cloak (curse)
rCorr    .         Harm     .   (no gloves)
MR       .....                  (no boots)
Stlth    +++.......             (no amulet)
HPRegen  0.07/turn              (no ring)
MPRegen  0.11/turn              (no ring)

@: flying
A: no striking features
a: no special abilities


You were on level 3 of the Dungeon.
You were not hungry.

You visited 1 branch of the dungeon, and saw 4 of its levels.

You collected 76 gold pieces.

Inventory:

Hand Weapons
 a - a +0 rapier (weapon)
 n - a +0 short sword
Missiles
 c - 69 stones (quivered)
 o - 19 sling bullets
Armour
 b - a +0 robe (worn)
 e - a cursed +0 cloak (worn)
Scrolls
 g - a scroll of remove curse {unknown}
 h - a scroll of identify {unknown}
 i - 2 scrolls of fear {unknown}
 k - a scroll of fog {unknown}
 m - a scroll of enchant weapon {unknown}
Comestibles
 d - 3 rations
 f - 4 chunks of flesh


   Skills:
 - Level 2.4 Fighting
 - Level 3.0 Short Blades
 - Level 3.6 Dodging
 + Level 4.2 Stealth
 + Level 3.2 Spellcasting


You had 8 spell levels left.
You didn't know any spells.
Your spell library was empty.

Dungeon Overview and Level Annotations

Branches:
Dungeon (4/15)
 Temple: D:4-7

Altars:
Gozag

Annotations:
D:3 Natasha


Message History

Enter note: fun gameplay Unknown command.
Okay, then.
You barely miss the orc.
The orc is lightly wounded.
The orc barely misses you.
You hit the orc.
The orc is heavily wounded.
The orc barely misses you.
You hit the orc but do no damage.
The orc is heavily wounded.
The orc hits you with a short sword.
* * * LOW HITPOINT WARNING * * *
You hit the orc.
The orc is almost dead.
The orc completely misses you.
You barely miss the orc.
The orc is almost dead.
The orc hits you with a short sword.
You die...

...>..#.(.((.[.###..########.#.##
#...#...##.... #...............
#...##.## ##. ###.####.###.####
#......# ........w# #... ##..##.#
####.##..# ###.# #..##.###.##
##.##..# .# #..##.....w#
##...#..# #
##..######..######.#.#...# ....#
#......@og......# .##.#
..>#.####w#.#.#.# . #.# ##...##.#
#.# ##.....# #.# ####### #.#
.##.# ....# #####


You could see a worm, an orc and a hobgoblin.

Vanquished Creatures
  A hound (D:4)
  An ooze (D:3)
  2 dart slugs
  2 orcs (D:3)
  3 bats
  5 goblins
  3 hobgoblins
  A frilled lizard (D:3)
  3 kobolds (D:1)
  2 rats
23 creatures vanquished.

Notes
Turn   | Place    | Note
-------+----------+-------------------------------------------
     0 | D:1      | Leszczynek the Deep Elf Monk began the quest for the Orb.
     0 | D:1      | Reached XP level 1. HP: 13/13 MP: 3/3
    47 | D:1      | Reached skill level 1 in Spellcasting
   144 | D:1      | Reached skill level 3 in Stealth
   145 | D:1      | Reached XP level 2. HP: 13/18 MP: 4/6
   297 | D:3      | Reached skill level 2 in Spellcasting
   356 | D:3      | Noticed Natasha
   423 | D:3      | Found an opulent altar of Gozag.
   448 | D:3      | Reached XP level 3. HP: 17/22 MP: 8/8
   609 | D:4      | Noticed a phantom
   624 | D:4      | Reached skill level 4 in Stealth
   624 | D:4      | Reached skill level 3 in Spellcasting
   781 | D:3      | HP: 4/22 [orc/short sword (4)]
   782 | D:3      | at 22 hp and 3/14 defences, wielding a rapier
   782 | D:3      | i can't win against 9 hp, 1/9 defences and a short sword
   782 | D:3      | even with using a potion of curing
   782 | D:3      | fun gameplay
   786 | D:3      | Slain by an orc

Vault maps used:
D:1:      dpeg_arrival_simpleton_a, minmay_tetromino_o4
D:2:      uniq_crazy_yiuf_cottage, uniq_jessica
D:3:      nicolae_overflow_crystal_walls, grunt_temple_overflow_diamond,
          first_ration, uniq_natasha
D:4:      serial_shops, shop_statue, guppyfry_shop_venom, uniq_ijyb

Skill      XL: |  1  2  3 |
---------------+----------+-----
Spellcasting   | 1 2 3 |  3.2
Stealth        | 3 4 |  4.2
Fighting       | |  2.4
Short Blades   | |  3.0
Dodging        | |  3.6

Action                   || total
-------------------------++-------
Melee: Short sword       ||    43
       Rapier            ||    62
Throw: Stone             ||    12
  Use: Potion            ||     2
 Stab: Sleeping          ||     2
Armor: Robe              ||    11
Dodge: Dodged            ||    70

Table legend:
 A = Spawn XP
 B = Non-spawn XP
 C = Spawn XP percentage of total XP
 D = Spawn monster count
 E = Non-spawn monster count
 F = Spawn count percentage of total count
 G = Total turns spent on level
                    A         B        C        D         E        F      G
               +---------+---------+-------+---------+---------+-------+---------
         Total |       0 |      91 |   0.0 |       0 |      23 |   0.0 |   786
               +---------+---------+-------+---------+---------+-------+---------
           D:1 |       0 |      17 |   0.0 |       0 |       8 |   0.0 |   223
           D:2 |       0 |       6 |   0.0 |       0 |       4 |   0.0 |    54
           D:3 |       0 |      25 |   0.0 |       0 |      10 |   0.0 |   422
           D:4 |       0 |      43 |   0.0 |       0 |       1 |   0.0 |    87
               +---------+---------+-------+---------+---------+-------+---------
